 Dungeon Crawl Stone Soup version 0.29.1-13-g9f3cf754e1 (webtiles) character file.

Game seed: 12359881546341629110

114 cheesebisquit the Digger (level 4, -3/24 HPs)
             Began as a Gargoyle Earth Elementalist on Jan 20, 2023.
             Constricted to death by Grinder (8 damage)
             ... while paralysed by Grinder
             ... on level 3 of the Dungeon.
             The game lasted 00:06:31 (2533 turns).

cheesebisquit the Digger (GrEE)                     Turns: 2533, Time: 00:06:32

Health: -3/24      AC:  6    Str: 12    XL:     4   Next: 98%
Magic:  9/9        EV: -1    Int: 17    God:
Gold:   123        SH:  0    Dex: 10    Spells: 9/10 levels left

rFire   . . .      SeeInvis .   l - +2 short sword (holy)
rCold   . . .      Faith    .   (no shield)
rNeg    + . .      Spirit   .   a - +0 robe
rPois   ∞          Reflect  .   (no helmet)
rElec   +          Harm     .   g - +0 cloak
rCorr   +          Rampage  .   (no gloves)
Will    .....                   (no boots)
Stlth   ++........              (no amulet)
HPRegen 0.08/turn               f - ring of flight
MPRegen 0.11/turn               m - ring of resist corrosion

@: paralysed, grasped by roots, flying, constricted
A: sickness immunity, AC +3, negative energy resistance 1, electricity
resistance, torment resistance 1, petrification resistance
a: no special abilities


You were on level 3 of the Dungeon.
You visited 1 branch of the dungeon, and saw 3 of its levels.

You collected 123 gold pieces.

Inventory:

Hand Weapons
 j - a +0 club
 l - a +2 short sword of holy wrath (weapon)
Missiles
 t - 5 poisoned darts
Armour
 a - a +0 robe (worn)
 g - a +0 cloak (worn)
Jewellery
 f - a ring of flight (left hand)
 m - a ring of resist corrosion (right hand)
Wands
 p - a wand of charming (8)
 v - a wand of light (14)
Scrolls
 d - a scroll of poison {unknown}
 h - a scroll of teleportation {unknown}
 q - a scroll of identify {unknown}
 r - a scroll of fear {unknown}
 s - a scroll of amnesia {unknown}
 w - a scroll of vulnerability {unknown}
Potions
 b - 2 potions of mutation {unknown}
 c - 2 potions of brilliance {unknown}
 e - a potion of heal wounds {unknown}
 i - 2 potions of flight {unknown}
 k - a potion of might {unknown}
 n - a potion of magic
 o - 2 potions of curing {unknown}
 u - 2 potions of lignification {unknown}


   Skills:
 - Level 1.5 Dodging
 - Level 2.1 Stealth
 + Level 3.5 Spellcasting
 - Level 0.7 Transmutations
 + Level 5.3 Earth Magic


You had 9 spell levels left.
You knew the following spells:

 Your Spells              Type           Power      Damage    Failure   Level
a - Sandblast             Erth           42%        2d11      1%          1

Your spell library contained the following spells:

 Spells                   Type           Power      Damage    Failure   Level
 Passwall                 Tmut/Erth      10%        N/A       8%          2
 Stone Arrow              Conj/Erth      24%        3d8       17%         3
 Petrify                  Tmut/Erth      13%        N/A       43%         4


Dungeon Overview and Level Annotations

Branches:
Dungeon (3/15)

Altars:

Annotations:
D:2 1 runed translucent door, Crazy Yiuf
D:3 Grinder


Innate Abilities, Weirdness & Mutations

You are immune to sickness and miasma.
Your stone body is resilient. (AC +3)
You are immune to poison.
You resist negative energy. (rN+)
You are resistant to electric shocks. (rElec)
You are resistant to unholy torment.
You are immune to petrification.


Message History

The blast of sand hits the kobold.
You kill the kobold!
Things that are here:
a +0 whip; 5 poisoned darts; a kobold corpse
t - 5 poisoned darts
u - 2 metallic orange potions
v - a wand of light (14)
A goblin comes into view. It is wielding a +0 dagger.
The blast of sand hits the goblin!!
You kill the goblin!
b - 2 sedimented puce potions (gained 1)
You now have 123 gold pieces (gained 10).
You see here a +0 dagger.
Found 5 javelins.
You see here 5 javelins.
Found a great sword.
w - a scroll labelled JODGHU ZOONOARU
Found a hand axe.
You see here a +0 great sword.
Found 6 large rocks.
Grinder comes into view.
She is carrying a wand of roots (9).
Grinder gestures at you. You resist with significant effort.
Grinder zaps a wand.
The roots erupt in riotous growth!
The grasping roots grab you! The grasping roots constrict you.
Grinder gestures at you.
You suddenly lose the ability to move!
The grasping roots constrict you. The grasping roots constrict you!
* * * LOW HITPOINT WARNING * * *
Grinder gestures at you. You resist with significant effort.
The grasping roots constrict you.
* * * LOW HITPOINT WARNING * * *
The grasping roots release their grip on you.
Grinder gestures at you.
You barely resist.
Grinder zaps a wand.
The roots erupt in riotous growth!
The grasping roots grab you! The grasping roots constrict you!
You die...

..(##########...# #..###......
.........##.###.# #......####.
...#####.#...##.# ##.###.##...
...##........)#.#######.....)..#.
...##.##.#.............####.#####
##.##.##.##.###.######.# #.# #
#.......##......### #.# #.. .
####.#####.#......# #.# #### ##
#.# #.#.#.@#.# #.. #.# #.#....#.#
### #.# #.#.##.#.# #.# #... ..#.#
#.# #.. ....# #.# #.. .5#### #.#
#. .. ...


You could see Grinder.

Vanquished Creatures
  A hound (D:3)
  4 adders
  A dart slug (D:3)
  An orc (D:3)
  6 bats
  4 endoplasms
  4 giant cockroaches
  5 goblins
  3 hobgoblins
  2 jackals (D:1)
  4 ball pythons
  A frilled lizard (D:2)
  6 kobolds
  5 rats
47 creatures vanquished.

Notes
Turn   | Place    | Note
-------+----------+-------------------------------------------
     0 | D:1      | cheesebisquit the Gargoyle Earth Elementalist began the
                  | quest for the Orb.
     0 | D:1      | Reached XP level 1. HP: 10/10 MP: 3/3
     6 | D:1      | Noticed an iguana
     6 | D:1      | Noticed a swamp drake
     6 | D:1      | Noticed a redback
     7 | D:1      | Noticed an anaconda
     7 | D:1      | Noticed a wolf
   245 | D:1      | Reached XP level 2. HP: 3/15 MP: 3/5
   247 | D:1      | Reached skill level 4 in Earth Magic
  1113 | D:2      | Reached XP level 3. HP: 19/19 MP: 4/6
  1475 | D:2      | Found a runed translucent door.
  1476 | D:2      | Noticed Crazy Yiuf
  1500 | D:2      | Reached XP level 4. HP: 24/24 MP: 6/8
  1971 | D:3      | Reached skill level 5 in Earth Magic
  2526 | D:3      | Noticed Grinder
  2529 | D:3      | Paralysed by Grinder for 5 turns
  2533 | D:3      | Constricted to death by Grinder

Illustrated notes

Levels and vault maps discovered:
D:1:      onia_arrival_zoo_common, layout_loops_ring, roderic_cross_of_infinity
D:2:      layout_loops_ring, uniq_crazy_yiuf_cottage
D:3:      layout_loops_cross, uniq_grinder

Skill      XL: |  1  2  3  4 |
---------------+-------------+-----
Earth Magic    | 4 5 |  5.3
Spellcasting   | 3 |  3.5
Dodging        | |  1.5
Stealth        | |  2.1
Transmutations | |  0.7

Action                   |  1- 3 |  4- 6 || total
-------------------------+-------+-------++-------
Melee: Short sword       |     1 |       ||     1
 Cast: Sandblast         |    41 |    24 ||    65
  Use: Potion            |     1 |       ||     1
Armor: Robe              |     1 |     2 ||     3
Dodge: Dodged            |     9 |     3 ||    12
